 Dungeon Sprint DCSS version 0.26-a0-1132-ge9770dfcb6 (webtiles) character file.

Game seed: 1877224101572222855

1593 raph the Grappler (level 8, -3/138 HPs)
             Began as a Troll Berserker on Dec 19, 2020.
             Was an Elder of Trog.
             Slain by a demonic crawler (4 damage)
             ... in the Dungeon (Sprint I: "Red Sonja").
             The game lasted 00:01:31 (339 turns).

raph the Grappler (Troll Berserker)                  Turns: 339, Time: 00:01:31

Health: -3/138     AC:  6    Str: 26    XL:     8   Next: 62%
Magic:  7/7        EV: 14    Int:  3    God:    Trog [****..]
Gold:   286        SH:  0    Dex: 11    Spells: 7/7 levels left

rFire    . . .     SeeInvis .     - Unarmed
rCold    . . .     Faith    .   (no shield)
rNeg     . . .     Spirit   .   a - +0 animal skin
rPois    .         Reflect  .   (helmet restricted)
rElec    .         Harm     .   (no cloak)
rCorr    .         Rampage  .   (gloves unavailable)
Will     .....     NoTele   +   (boots unavailable)
Stlth    ..........             (no amulet)
HPRegen  0.73/turn              (no ring)
MPRegen  0.10/turn              (no ring)

@: berserking (expiring), very quick
A: large, unfitting armour, claws 3, regeneration 1, shaggy fur 1, tough skin 3
a: Renounce Religion, Berserk, Trog's Hand, Brothers in Arms


You were in the Dungeon.
You worshipped Trog.
Trog was greatly pleased with you.
You visited 1 branch You collected 286 gold pieces.

Inventory:

Armour
 a - a +0 animal skin (worn)
Wands
 h - a wand of random effects (22)
 i - a wand of digging (7)
Scrolls
 g - a scroll of blinking
Potions
 b - a potion of curing
 c - a potion of heal wounds
 d - a potion of flight {unknown}
 e - 2 potions of magic
 f - a potion of berserk rage


   Skills:
 + Level 9.5 Fighting
 + Level 9.3 Dodging
 + Level 0.1 Stealth
 + Level 12.3 Unarmed Combat


You had 7 spell levels left.
You didn't know any spells.
Your spell library was empty.

Dungeon Overview and Level Annotations

Branches:
Dungeon (1/1)

Altars:
Makhleb
Sif Muna
Vehumet
Wu Jian
Xom
Jiyva
Lugonu


Innate Abilities, Weirdness & Mutations

You are too large for most types of armour.
You have claws for hands.
Your natural rate of healing is unusually fast.
You are covered in fur. (AC +1)
You have extremely tough skin. (AC +3)


Message History

The demonic crawler closely misses you.
You are too berserk!
You eviscerate the demonic crawler!!!
The demonic crawler is almost dead.
You mangle the demonic crawler!!
You kill the demonic crawler!
Trog accepts your kill. The demonic crawler hits you.
* * * LOW HITPOINT WARNING * * *
The demonic crawler hits you.
* * * LOW HITPOINT WARNING * * *
The demonic crawler hits you but does no damage.
The demonic crawler closely misses you. The demonic crawler misses you.
The demonic crawler hits you.
* * * LOW HITPOINT WARNING * * *
Your Unarmed Combat skill increases to level 12!
You barely miss the demonic crawler. The demonic crawler hits you!
* * * LOW HITPOINT WARNING * * *
The demonic crawler closely misses you. The demonic crawler hits you.
You die...

#####################
.)..#..'..#__#..@s).#
)#..'..#..'^.'.s#†..##+#
###'#####'#__####...'..#
#..# #.#### #####..+
#### ##.# ## #_.+ +..._#
#_.#+# ##+


You could see 2 demonic crawlers.

Vanquished Creatures
  2 demonic crawlers (D)
  2 kobold demonologists (D)
  A slime creature (D)
  Sigmund (D)
  A floating eye (D)
  An ogre (D)
  A jelly (D)
  Ijyb (D)
10 creatures vanquished.

Notes
Turn   | Place    | Note
-------+----------+-------------------------------------------
     0 | D        | raph the Troll Berserker began the quest for the Orb.
     0 | D        | Reached XP level 1. HP: 22/22 MP: 0/0
     1 | D        | Noticed Ijyb
     7 | D        | Killed Ijyb
     8 | D        | Reached skill level 4 in Unarmed Combat
     8 | D        | Reached XP level 2. HP: 31/31 MP: 1/1
    58 | D        | Noticed an ogre
    61 | D        | Killed an ogre
    62 | D        | Reached skill level 5 in Fighting
    62 | D        | Reached skill level 5 in Dodging
    62 | D        | Reached skill level 6 in Unarmed Combat
    62 | D        | Reached XP level 3. HP: 42/42 MP: 2/2
    62 | D        | Reached XP level 4. HP: 50/50 MP: 3/3
   107 | D        | Noticed Sigmund
   120 | D        | Killed Sigmund
   120 | D        | Reached ** piety under Trog
   121 | D        | Reached skill level 8 in Unarmed Combat
   121 | D        | Reached XP level 5. HP: 61/61 MP: 4/4
   121 | D        | Reached XP level 6. HP: 68/68 MP: 5/5
   200 | D        | Found a shimmering blue altar of Sif Muna.
   201 | D        | Found an ornate altar of the Wu Jian Council.
   203 | D        | Found a radiant altar of Vehumet.
   228 | D        | Found a burning altar of Makhleb.
   228 | D        | Found a viscous altar of Jiyva.
   228 | D        | Found a shimmering altar of Xom.
   228 | D        | Found a corrupted altar of Lugonu.
   228 | D        | Noticed a slime creature
   235 | D        | Killed a slime creature
   236 | D        | Reached skill level 9 in Unarmed Combat
   271 | D        | Noticed a kobold demonologist
   271 | D        | Noticed a floating eye
   272 | D        | Noticed a hellwing
   272 | D        | Noticed a kobold demonologist
   275 | D        | Noticed a red devil
   276 | D        | Noticed a ynoxinul
   283 | D        | Killed a kobold demonologist
   283 | D        | Reached *** piety under Trog
   284 | D        | Reached skill level 10 in Unarmed Combat
   284 | D        | Reached XP level 7. HP: 80/80 MP: 6/6
   286 | D        | Killed a kobold demonologist
   287 | D        | Reached skill level 11 in Unarmed Combat
   289 | D        | Reached **** piety under Trog
   290 | D        | Reached XP level 8. HP: 91/91 MP: 7/7
   323 | D        | Noticed a demonic crawler
   323 | D        | Noticed a demonic crawler
   323 | D        | Noticed a demonic crawler
   323 | D        | Noticed a demonic crawler
   334 | D        | Killed a demonic crawler
   338 | D        | Killed a demonic crawler
   339 | D        | Reached skill level 12 in Unarmed Combat
   339 | D        | HP: 1/138 [demonic crawler (11)]
   339 | D        | Slain by a demonic crawler

Illustrated notes

Levels and vault maps discovered:
D:        dungeon_sprint_1 [red_sonja_temple_1, red_sonja_temple_small_1]

Skill      XL: |  1  2  3  4  5  6  7  8 |
---------------+-------------------------+-----
Fighting       | 3 5 6 8 9 |  9.5
Dodging        | 3 5 6 7 8 9 |  9.3
Unarmed Combat | 4 6 8 10 11 12 | 12.3
Stealth        | |  0.1

Action                   |  1- 3 |  4- 6 |  7- 9 || total
-------------------------+-------+-------+-------++-------
Melee: Unarmed           |     6 |    22 |    13 ||    41
       Punch             |       |     2 |       ||     2
Invok: Berserk           |     2 |     2 |     1 ||     5
       Trog's Hand       |       |     1 |       ||     1
  Use: Potion            |       |     1 |       ||     1
Armor: Animal skin       |     2 |     2 |    10 ||    14
Dodge: Dodged            |     1 |     8 |    24 ||    33

Table legend: (Time is in decaauts)
 A = Elapsed time spent in this place.
 B = Non-inter-level travel time spent in this place.
 C = Inter-level travel time spent in this place.
 D = Time resting spent in this place.
 E = Time spent auto-exploring this place.
 F = Levels seen in this place.
 G = Mean time per level.
                   A        B        C        D        E       F      G
               +--------+--------+--------+--------+--------+-----+--------+
         Total |    356 |    356 |      0 |    215 |      0 |   1 |  356.0 |
       Dungeon |    356 |    356 |      0 |    215 |      0 |   1 |  356.0 |
               +--------+--------+--------+--------+--------+-----+--------+

Top non-repeatable levels by time:
       D: 356 daAuts
